 Dungeon Crawl Stone Soup version 0.21-a0-153-g78480df (webtiles) character file.

92 4thArraOfDagon the Slasher (level 4, 0/35 HPs)
             Began as a Formicid Warper on July 31, 2017.
             Slain by an iguana (10 damage)
             ... on level 4 of the Dungeon.
             The game lasted 00:04:01 (1175 turns).

4thArraOfDagon the Slasher (Formicid Warper)        Turns: 1175, Time: 00:04:01

Health: 0/35       AC: 13    Str: 16    XL:     4   Next: 90%
Magic:  7/7        EV:  5    Int: 13    God:
Gold:   109        SH:  0    Dex: 10    Spells: 0/7 levels left

rFire    . . .     SeeInvis +   a - +0 falchion
rCold    + . .     Gourm    .   (no shield)
rNeg     . . .     Faith    .   i - +2 plate armour {rC+}
rPois    .         Spirit   .   (helmet unavailable)
rElec    .         Reflect  .   (no cloak)
rCorr    .         Harm     .   (no gloves)
MR       .....                  (no boots)
Stlth    ..........             (no amulet)
HPRegen  0.11/turn              j - +3 ring of slaying
MPRegen  0.10/turn              (no ring)

@: no status effects
A: permanent stasis, dig shafts and tunnels, four strong arms, antennae 3
a: Dig, Shaft Self


You were on level 4 of the Dungeon.
You were hungry.

You visited 1 branch of the dungeon, and saw 4 of its levels.

You collected 109 gold pieces.

Inventory:

Hand Weapons
 a - a +0 falchion (weapon)
Missiles
 e - 5 tomahawks of dispersal (quivered)
 k - 2 tomahawks
Armour
 b - a +0 leather armour
 i - a +2 plate armour of cold resistance (worn)
 l - a cursed +0 helmet
Jewellery
 j - a +3 ring of slaying (left hand)
Scrolls
 d - a scroll of blinking
 g - a scroll of fog {unknown}
Potions
 h - a potion of heal wounds
Books
 c - a book of Spatial Translocations

   Spells                             Type                      Level
   a - Blink                          Translocation                2
   b - Shroud of Golubria             Charms/Translocation         2
   c - Lesser Beckoning               Translocation                3
   d - Gell's Gravitas                Translocation                3
   e - Teleport Other                 Translocation                3
   f - Passage of Golubria            Translocation                4
Comestibles
 f - a bread ration
 m - 2 royal jellies
 n - 4 fruits
 o - a meat ration


   Skills:
 + Level 3.2 Fighting
 * Level 3.2 Long Blades
 - Level 1.0 Throwing
 + Level 2.4 Armour
 - Level 2.1 Dodging
 - Level 2.1 Spellcasting
 - Level 2.6 Translocations


You couldn't memorise any spells.
You knew the following spells:

 Your Spells              Type           Power        Failure   Level  Hunger
a - Passage of Golubria   Tloc           N/A          100%        4    #####..
b - Lesser Beckoning      Tloc           #.........   100%        3    ####...


Dungeon Overview and Level Annotations

Branches:
Dungeon (4/15)
 Temple: D:4-7

Altars:
Elyvilon

Annotations:
D:3 Grinder


Innate Abilities, Weirdness & Mutations

You cannot be hasted, slowed, berserked, paralysed or teleported.
You can dig through walls and to a lower floor.
Your four strong arms can wield two-handed weapons with a shield.
You have a pair of large antennae on your head. (SInv)


Message History

Okay, then.
Unknown command.
Unknown command.
Unknown command.
Found a white marble altar of Elyvilon.
Unknown command.
Unknown command.
Your plate armour prevents you from hitting the iguana.
The iguana bites you but does no damage.
You hit the iguana but do no damage. The iguana bites you.
You hit the iguana.
The iguana is lightly wounded.
The iguana barely misses you.
You riposte.
You hit the iguana but do no damage.
The iguana is lightly wounded.
You hit the iguana but do no damage.
The iguana is lightly wounded.
The iguana bites you.
* * * LOW HITPOINT WARNING * * *
The iguana bites you!
You die...

#.. ....# ##.##
#.#####..## #.#.#
#.#.......#..##.#
.####.#.###a.#####.##
........# #..# ##.##
.###...####<.###.####
#...#...##..##.##..
#.#...#.##..##l#.#
#.##.##.#....##@#
##.##.##.#.###.##_#
.a.........# #..###
#####.####.###..#
#..........##
############


You could see an iguana.

Vanquished Creatures
  Natasha (D:3)
  3 adders
  A leopard gecko (D:4)
  An orc (D:4)
  5 giant cockroaches
  2 goblins (D:1)
  3 hobgoblins (D:1)
  4 jackals (D:3)
  A quokka (D:3)
  5 bats
  3 frilled lizards
  4 kobolds
  4 rats
37 creatures vanquished.

Notes
Turn   | Place    | Note
-------+----------+-------------------------------------------
     0 | D:1      | 4thArraOfDagon the Formicid Warper began the quest for the Orb.
     0 | D:1      | Reached XP level 1. HP: 16/16 MP: 3/3
    10 | D:1      | Noticed an electric eel
    51 | D:1      | Reached XP level 2. HP: 22/23 MP: 5/5
   220 | D:1      | Reached XP level 3. HP: 24/28 MP: 6/6
   399 | D:3      | Noticed Grinder
   627 | D:2      | Reached XP level 4. HP: 34/34 MP: 7/7
   729 | D:3      | Noticed Natasha
   778 | D:4      | Noticed an ogre
   988 | D:4      | Learned a level 4 spell: Passage of Golubria
  1002 | D:4      | Learned a level 3 spell: Lesser Beckoning
  1135 | D:3      | Killed Natasha
  1162 | D:3      | You fall through a shaft!
  1169 | D:4      | Found a white marble altar of Elyvilon.
  1175 | D:4      | Slain by an iguana

Vault maps used:
D:1:      arrival_aquarium_a, minmay_pentomino_v2
D:2:      minmay_misc_feat_secret_circle
D:3:      uniq_grinder, uniq_jessica, uniq_natasha
D:4:      marbit_many_paths, minmay_temple_entry_purple_smoke,
          minmay_misc_feat_alley, tso_metal_star

Skill      XL: |  1  2  3  4 |
---------------+-------------+-----
Dodging        | 2 |  2.1
Armour         | 2 |  2.4
Long Blades    | 3 |  3.2
Fighting       | 3 |  3.2
Throwing       | |  1.0
Spellcasting   | |  2.1
Translocations | |  2.6

Action                   |  1- 3 |  4- 6 || total
-------------------------+-------+-------++-------
Melee: Falchion          |    88 |    39 ||   127
 Abil: Dig               |     1 |       ||     1
       Shaft Self        |       |     1 ||     1
  Use: Scroll            |       |     1 ||     1
  Eat: Chunk             |       |     1 ||     1
Armor: Leather armour    |    12 |       ||    12
       Plate armour      |    51 |    23 ||    74
Dodge: Dodged            |    44 |     9 ||    53
       Rpst.: Falchion   |    20 |     3 ||    23
